 Dungeon Crawl Stone Soup version 0.30-a0-709-gcdc1b43e22 (webtiles) character file.

Game seed: 7860241928708204434

686 Citaku the Covered (level 7, -3/61 HPs)
             Began as a Minotaur Fighter on Jan 22, 2023.
             Was an Initiate of Gozag.
             Killed by divine providence
             ... invoked by an orc priest
              (15 damage)
             ... on level 5 of the Dungeon.
             The game lasted 00:05:00 (3803 turns).

Citaku the Covered (Minotaur Fighter)               Turns: 3803, Time: 00:05:00

Health: -3/61      AC: 10    Str: 22    XL:     7   Next: 35%
Magic:  0/6        EV:  9    Int:  5    God:    Gozag
Gold:   148        SH:  5    Dex: 10    Spells: 6/6 levels left

rFire   . . .      SeeInvis .    a - +0 war axe
rCold   + . .      Faith    .    c - +0 buckler
rNeg    . . .      Spirit   +    b - +0 scale mail
rPois   .          Reflect  .    i - +1 hat
rElec   .          Harm     .    m - +0 cloak
rCorr   +          Rampage  .    (no gloves)
Will    .....                    (no boots) Stlth
                                 p - amulet of guardian spirit
HPRegen 0.30/turn                s - ring of resist corrosion
MPRegen 0.10/turn                w - ring of protection from cold

@: mighty, gold aura
A: horns 2, retaliatory headbutt
a: Renounce Religion, Potion Petition, Call Merchant, Bribe Branch


You were on level 5 of the Dungeon.
You worshipped Gozag.
Gozag was aware of your devotion.
You visited 2 branches of the dungeon, and saw 6 of its levels.

You collected 287 gold pieces.
You spent 56 gold pieces at shops.
You paid 83 gold pieces to Gozag.

Inventory:

Hand Weapons
 a - a +0 war axe (weapon)
 t - a +0 flail
Armour
 b - a +0 scale mail (worn)
 c - a +0 buckler (worn)
 i - a +1 hat (worn)
 m - a +0 cloak (worn)
Jewellery
 p - an amulet of guardian spirit (around neck)
 s - a ring of resist corrosion (left hand)
 w - a ring of protection from cold (right hand)
Wands
 l - a wand of polymorph (13)
 y - a wand of roots (9)
Scrolls
 f - 4 scrolls of noise {unknown}
 j - 2 scrolls of amnesia {unknown}
 k - 2 scrolls of vulnerability {unknown}
 n - 4 scrolls of teleportation {unknown}
 q - a scroll of butterflies {unknown}
 r - a scroll of blinking {unknown}
 u - 4 scrolls of identify
Potions
 d - 4 potions of might
 e - a potion of mutation
 h - 2 potions of curing
 o - a potion of flight {unknown}
 v - a potion of lignification {unknown}
 x - a potion of haste {unknown}


   Skills:
 + Level 5.2 Fighting
 * Level 6.1 Axes
 * Level 6.7 Armour
 + Level 5.3 Shields


You had 6 spell levels left.
You didn't know any spells.
Your spell library contained the following spells:

 Spells                   Type           Power      Damage    Failure   Level
 Apportation              Tloc           0%         N/A       86%         1
 Blink                    Tloc           0%         N/A       94%         2
 Manifold Assault         Tloc           0%         N/A       100%        4
 Alistair's Intoxication  Tmut/Pois      0%         N/A       100%        5
 Storm Form               Tmut/Air       0%         N/A       100%        7


Dungeon Overview and Level Annotations

Branches:
Dungeon (5/15)             Temple (1/1) D:5

Altars:
Ashenzari
Cheibriados
Dithmenos
Elyvilon
Fedhas
Gozag
Hepliaklqana
Nemelex Xobeh
Uskayaw
Wu Jian
Yredelemnul

Shops:
D:4 ?


Innate Abilities, Weirdness & Mutations

You have a pair of horns on your head.
You reflexively headbutt those who attack you in melee.


Message History

You are too injured to fight recklessly!
You are too injured to fight recklessly!
There are monsters nearby!
Unknown command.
You feel very mighty all of a sudden.
The orc priest calls down the wrath of Beogh upon you.
Beogh smites you!
* * * LOW HITPOINT WARNING * * *
The iguana is distracted by your dazzling golden aura.
The orc hits you from afar with a +0 trident.
* * * LOW HITPOINT WARNING * * *
The iguana hisses angrily.
Found a dagger.
The orc priest hits you with a +0 flail.
* * * LOW HITPOINT WARNING * * *
The orc hits you with a +0 trident!
* * * LOW HITPOINT WARNING * * *
You see here 9 gold pieces.
You feel much better. The orc priest barely misses you.
You block the orc's attack.
You closely miss the orc. Your headbutt misses the orc.
You closely miss the orc priest.
The iguana is no longer distracted by gold.
You block the orc priest's attack. The orc hits you with a +0 trident!
The orc priest invokes the aid of Beogh against you.
Beogh smites you!
* * * LOW HITPOINT WARNING * * *
You feel better.
The orc priest hits you with a +0 flail.
* * * LOW HITPOINT WARNING * * *
The orc hits you but does no damage.
The orc priest looks encouraged for a moment.
You closely miss the orc. You slash the orc priest!
You kill the orc priest!
The orc hits you but does no damage.
The iguana is distracted by your dazzling golden aura.
The orc priest invokes the aid of Beogh against you.
Beogh smites you!
You die...
Your body crumbles into a pile of gold.

..#...#...# .. ยง~.. ##
#.....#.###.# ~...
.###...###...## .....
.#.###.#.....# )....
#...#...#...#.
.....#####...#...#####.
....#...#...#...#...#.
#..$..#.###.#.....#
##@..###...###...##
.....oo###.###...#####[.
......l .# ###........
......o .########).<..
....... .>............
....... ## ##.........
....... #.........
....... #........#
#........#


You could see an iguana (unaware), an orc priest, an orc wizard and an orc.

Vanquished Creatures
  Prince Ribbit (D:5)
  A bullfrog (D:5)
  A necrophage (D:5)
  4 hounds (D:5)
  An orc priest (D:5)
  Natasha (twice) (D:2)
  7 gnolls
  4 adders
  A white imp (D:5)
  2 ufetubi
  4 dart slugs
  10 orcs
  4 bats
  5 endoplasms
  3 giant cockroaches
  6 goblins
  9 hobgoblins
  3 jackals (D:1)
  5 kobolds
  A quokka (D:4)
  4 ball pythons
  2 frilled lizards (D:3)
  A rat (D:2)
81 creatures vanquished.

Vanquished Creatures (others)
  A fungus (D:1)
  A plant (D:1)
  5 toadstools (D:1)
7 creatures vanquished.

Grand Total: 88 creatures vanquished

Notes
Turn   | Place    | Note
-------+----------+-------------------------------------------
     0 | D:1      | Citaku the Minotaur Fighter began the quest for the Orb.
     0 | D:1      | Reached XP level 1. HP: 19/19 MP: 0/0
   178 | D:1      | Reached XP level 2. HP: 17/27 MP: 1/1
   756 | D:1      | Found a faded altar of an unknown god.
  1030 | D:2      | Reached XP level 3. HP: 33/33 MP: 2/2
  1380 | D:2      | Noticed Natasha
  1384 | D:2      | Killed Natasha
  1385 | D:2      | Reached XP level 4. HP: 36/40 MP: 1/3
  1527 | D:2      | Noticed Natasha
  1537 | D:2      | Killed Natasha
  2015 | D:3      | Reached skill level 5 in Armour
  2027 | D:3      | Reached XP level 5. HP: 36/46 MP: 4/4
  2657 | D:4      | Found Iticis's Magic Scroll Emporium.
  2680 | D:4      | Bought a scroll of identify for 28 gold pieces
  2680 | D:4      | Bought a scroll of identify for 28 gold pieces
  2833 | D:4      | Found a broken altar of Ashenzari.
  2929 | D:4      | Found a snail-covered altar of Cheibriados.
  3009 | D:4      | Found a hide-covered altar of Uskayaw.
  3176 | D:5      | Entered Level 5 of the Dungeon
  3277 | D:5      | Noticed Prince Ribbit
  3278 | D:5      | Reached XP level 6. HP: 51/53 MP: 5/5
  3295 | D:5      | Reached skill level 5 in Axes
  3299 | D:5      | Killed Prince Ribbit
  3300 | D:5      | Reached skill level 5 in Fighting
  3300 | D:5      | Reached skill level 5 in Shields
  3300 | D:5      | Reached XP level 7. HP: 18/61 MP: 0/6
  3588 | D:5      | Found a staircase to the Ecumenical Temple.
  3677 | Temple   | Entered the Ecumenical Temple
  3687 | Temple   | Became a worshipper of Gozag Ym Sagoz the Greedy
  3803 | D:5      | Killed from afar by an orc priest

Illustrated notes

Levels and vault maps discovered:
D:1:      ldierk_walled_garden, layout_basic, shapermc_ecumenical_altar_petra,
          roderic_serpentine_path
D:2:      layout_basic, st_stairs_13, minmay_nonomino_d4, uniq_natasha
D:3:      layout_loops_ring
D:4:      wander_river, layout_cave_pools, nicolae_overflow_crystal_walls,
          nicolae_uskayaw_dance_hall, mainiacjoe_overflow_boulevard,
          serial_shops, nicolae_shop_crystal, dk_noncrumbling_4
D:5:      nicolae_cairo_tiling, layout_rooms, nicolae_qazlal_scattered_showers,
          temple_hall, uniq_prince_ribbit1
Temple:   hellmonk_temple_two_chambers

Skill      XL: |  1  2  3  4  5  6  7 |
---------------+----------------------+-----
Armour         | 4 5 6 |  6.7
Axes           | 3 4 5 6 |  6.1
Shields        | 4 5 |  5.3
Fighting       | 4 5 |  5.2

Action                     |  1- 3 |  4- 6 |  7- 9 || total
---------------------------+-------+-------+-------++-------
  Melee: War axe           |    52 |    93 |    30 ||   175
         Headbutt          |     8 |    13 |     6 ||    27
    Use: Scroll            |       |     4 |       ||     4
         Potion            |       |     2 |     3 ||     5
 Armour: Scale mail        |    32 |    47 |    13 ||    92
  Dodge: Dodged            |    31 |    49 |     8 ||    88
  Block: Buckler           |    15 |    21 |    10 ||    46

Table legend: (Time is in decaauts)
 A = Elapsed time spent in this place.
 B = Non-inter-level travel time spent in this place.
 C = Inter-level travel time spent in this place.
 D = Time resting spent in this place.
 E = Time spent auto-exploring this place.
 F = Levels seen in this place.
 G = Mean time per level.
                   A        B        C        D        E       F      G
               +--------+--------+--------+--------+--------+-----+--------+
         Total |   3877 |   3722 |    155 |      0 |   3210 |   6 |  646.2 |
       Dungeon |   3852 |   3703 |    149 |      0 |   3201 |   5 |  770.4 |
        Temple |     24 |     19 |      5 |      0 |      9 |   1 |   24.0 |
               +--------+--------+--------+--------+--------+-----+--------+

Top non-repeatable levels by time:
     D:1: 969 daAuts
     D:2: 918 daAuts
     D:3: 785 daAuts
     D:5: 616 daAuts
     D:4: 562 daAuts
  Temple: 24 daAuts
